 Dungeon Crawl Stone Soup version 0.31-a0-506-g3d79149578 (webtiles) character file.

Game seed: 9652536734680906556

4764 Bnni the Jinx (level 10, -2/77 HPs)
             Began as a Formicid Hexslinger on Aug 9, 2023.
             Slain by a vampire
             ... wielding a +1 vampiric halberd
              (14 damage)
             ... in a bailey.
             The game lasted 00:27:47 (8286 turns).

Bnni the Jinx (Formicid Hexslinger)                 Turns: 8286, Time: 00:27:48

Health: -2/77      AC:  8    Str: 12    XL:     10   Next: 75%
Magic:  16/19      EV: 11    Int: 14    God:
Gold:   321        SH:  6    Dex: 20    Spells: 3/21 levels left

rFire   + . .        O - +0 orcbow
rCold   + . .        E - +0 buckler
rNeg    . . .        y - +1 leather armour {rC+}
rPois   .            (helmet unavailable)
rElec   .            K - +2 cloak {Will+}
rCorr   .            (no gloves)
SInv    +            j - +0 pair of boots
Will    ++...        (no amulet)
Stlth   +            h - ring of fire
HPRegen 0.32/turn    x - ring of protection from cold
MPRegen 0.16/turn

%: no passive effects
@: no status effects
A: permanent stasis, dig shafts and tunnels, antennae 3, four strong arms
a: Dig


You were in a bailey.
You visited 2 branches of the dungeon, and saw 9 of its levels.
You also visited: Bailey.

You collected 501 gold pieces.
You spent 180 gold pieces at shops.

Inventory:

Hand Weapons
 r - the +7 spear of Mywane {pain, rF+}
   (You found it on level 2 of the Dungeon)

   rF+:       It protects you from fire.
 A - the +7 staff of the Meek {protect, meekguard}
   (You found it on level 5 of the Dungeon)
 O - a +0 orcbow (weapon)
 P - a +1 spear of venom
Missiles
 c - a throwing net
 e - 3 darts of dispersal
 o - 14 poisoned darts
 I - a curare-tipped dart
Armour
 j - a +0 pair of boots (worn)
 y - a +1 leather armour of cold resistance (worn)
 E - a +0 buckler (worn)
 K - a +2 cloak of willpower (worn)
 N - +0 acid dragon scales
Jewellery
 h - a ring of fire (left hand)
 x - a ring of protection from cold (right hand)
Wands
 H - a wand of roots (4)
 M - a wand of flame (10)
Scrolls
 a - a scroll of amnesia {unknown}
 b - 2 scrolls of poison
 g - 8 scrolls of identify {unknown}
 k - 2 scrolls of revelation {unknown}
 m - 2 scrolls of summoning {unknown}
 p - 6 scrolls of fog {unknown}
 q - 4 scrolls of teleportation {unknown}
 t - 2 scrolls of immolation {unknown}
 v - a scroll of blinking {unknown}
 w - a scroll of noise {unknown}
 D - a scroll of enchant weapon {unknown}
 J - a scroll of fear {unknown}
 L - a scroll of brand weapon {unknown}
Potions
 d - 2 potions of invisibility {unknown}
 f - 2 potions of curing
 i - a potion of magic {unknown}
 l - 5 potions of mutation {unknown}
 s - 2 potions of brilliance {unknown}
 z - 2 potions of haste {unknown}
 B - a potion of degeneration {unknown}
 C - 2 potions of lignification {unknown}
 F - a potion of heal wounds {unknown}
 G - a potion of berserk rage {unknown}


   Skills:
 + Level 6.3 Fighting
 * Level 8.2 Ranged Weapons
 - Level 2.1 Armour
 - Level 1.7 Dodging
 - Level 5.0 Shields
 + Level 6.4 Spellcasting
 * Level 9.7 Hexes
 - Level 2.0 Translocations
 - Level 2.0 Fire Magic


You had 3 spell levels left.
You knew the following spells:

 Your Spells              Type           Power      Damage    Failure   Level
a - Slow                  Hex            100%       N/A       1%          1
b - Inner Flame           Hex/Fire       31%        N/A       7%          3
c - Portal Projectile     Hex/Tloc       40%        N/A       7%          3
d - Cause Fear            Hex            15%        N/A       4%          4
e - Fulminant Prism       Conj/Hex       9%         3d7       34%         4
t - Tukima's Dance        Hex            31%        N/A       1%          3

Your spell library contained the following spells:

 Spells                   Type           Power      Damage    Failure   Level
 Lesser Beckoning         Tloc           20%        N/A       17%         2
 Necrotise                Necr           16%        1d4       26%         1
 Momentum Strike          Conj/Tloc      14%        3d8       26%         2
 Volatile Blastmotes      Fire/Tloc      30%        2d12      34%         3
 Call Canine Familiar     Summ           4%         N/A       61%         3
 Vampiric Draining        Necr           4%         2d6       61%         3
 Leda's Liquefaction      Hex/Erth       9%         N/A       34%         4
 Yara's Violent Unravell  Hex/Tmut       9%         3d6       69%         5
 Manifold Assault         Tloc           10%        N/A       75%         4
 Passage of Golubria      Tloc           10%        N/A       75%         4
 Iskenderun's Mystic Bla  Conj/Tloc      7%         2d4       86%         4
 Enfeeble                 Hex            15%        N/A       99%         7
 Agony                    Necr           4%         N/A       100%        5
 Blink                    Tloc           Unusable   N/A       N/A         2

Dungeon Overview and Level Annotations

Branches:
Dungeon (8/15)             Temple (1/1) D:6          Bailey (1/1)
   Lair: D:8-11

Altars:
Ashenzari
Cheibriados
Elyvilon
Fedhas
Gozag
Hepliaklqana
Kikubaaqudgha
Makhleb
Nemelex Xobeh
Okawaru
Qazlal
Sif Muna
Trog
Uskayaw
Vehumet
Wu Jian
Xom
Yredelemnul
The Shining One

Shops:
D:1 *   D:5 !   D:6 :


Innate Abilities, Weirdness & Mutations

You cannot be hasted, slowed, berserked, paralysed or teleported.
You can dig through walls and to a lower floor.
You have a pair of large antennae on your head. (SInv)
Your four strong arms can wield two-handed weapons with a shield.


Message History

The arrow hits the vampire but does no damage.
The vampire is severely damaged.
You block the vampire's attack.
Fire: O) +0 orcbow
Press: ? - help, Shift-Dir - straight line, f/p - vampire
Aim: a vampire, wielding a +1 vampiric halberd and wearing a +0 scale mail (severely damaged, inner flame, slightly transparent, 68% to hit)
You shoot an arrow. The arrow closely misses the vampire.
The vampire barely misses you.
Unknown command.
Fire: O) +0 orcbow
Press: ? - help, Shift-Dir - straight line, f/p - vampire
Aim: a vampire, wielding a +1 vampiric halberd and wearing a +0 scale mail (severely damaged, inner flame, slightly transparent, 68% to hit)
You shoot an arrow.
The arrow hits the vampire but does no damage.
The vampire is severely damaged.
The vampire hits you from afar with a +1 vampiric halberd!
* * * LOW HITPOINT WARNING * * *
The vampire draws strength from your wounds!
Unknown command.
Casting: Inner Flame (dangerous; 7% risk of failure)
Confirm with . or Enter, or press ? or * to list all spells.
Aiming: Tukima's Dance (safe; 1% risk of failure)
Press: ? - help, Shift-Dir - straight line, f/p - vampire
Aim: a vampire, wielding a +1 vampiric halberd and wearing a +0 scale mail (moderately damaged, inner flame, slightly transparent, chance to affect: 43%)
Okay, then.
Fire: O) +0 orcbow
Press: ? - help, Shift-Dir - straight line, f/p - vampire
Aim: a vampire, wielding a +1 vampiric halberd and wearing a +0 scale mail (moderately damaged, inner flame, slightly transparent, 68% to hit)
You shoot an arrow.
The arrow hits the vampire but does no damage.
The vampire is moderately damaged.
The vampire hits you from afar with a +1 vampiric halberd!
* * * LOW HITPOINT WARNING * * *
The vampire draws strength from your wounds!
Fire: O) +0 orcbow
Press: ? - help, Shift-Dir - straight line, f/p - vampire
Aim: a vampire, wielding a +1 vampiric halberd and wearing a +0 scale mail (moderately damaged, inner flame, slightly transparent, 68% to hit)
You shoot an arrow. The arrow closely misses the vampire.
The vampire hits you from afar with a +1 vampiric halberd!
You die...

#......♣.♣..#.)).#...
#...........#..#'##'#
.....#..#....#
#...####....#
####....'....#
##..##...'....#
#########....#...#....#
#8....)......)...#)...#
#...V.@...#......#'####
###''##...##.....#))#
#... ##...#######..#
#.... ##.......8#..#
#...## #8......8#[.#
#..# ############# #..
#.


You could see a vampire (inner flame, invisible).

Vanquished Creatures
  A cyclops (D:7)
  A gargoyle (Bailey)
  Maggie (D:8)
  A hornet (D:7)
  A vampire (D:7)
  A steam dragon (D:8)
  2 dancing weapons
  2 orc warriors
  A water moccasin (D:5)
  An ice beast (D:7)
  4 sky beasts (D:7)
  2 ogres
  3 centaurs
  A kobold brigand (D:7)
  A gnoll sergeant (D:7)
  2 bullfrogs (D:7)
  A scorpion (D:5)
  2 howler monkeys
  8 vampire bats (Bailey)
  6 wolf zombies (Bailey)
  5 hounds
  4 jellies
  3 orc priests
  2 gnoll boudas (D:5)
  Crazy Yiuf (D:7)
  4 iguanas
  4 orc wizards
  19 gnolls
  11 adders
  A shadow imp (D:7)
  A white imp (D:6)
  An ufetubus (D:6)
  2 worms (D:2)
  A dart slug (D:5)
  16 orcs
  9 ball pythons
  2 endoplasms
  6 giant cockroaches
  4 goblins
  4 hobgoblins
  9 jackals
  10 kobolds
  6 quokkas
  5 bats
  A frilled lizard (D:1)
  14 orc zombies (Bailey)
  4 rats
191 creatures vanquished.

Vanquished Creatures (collateral kills)
  Sigmund (D:6)
1 creature vanquished.

Vanquished Creatures (others)
  3 dancing weapons (D:5)
  A goblin (D:4)
4 creatures vanquished.

Grand Total: 196 creatures vanquished

Notes
Turn   | Place    | Note
-------+----------+-------------------------------------------
     0 | D:1      | Bnni the Formicid Hexslinger began the quest for the Orb.
     0 | D:1      | Reached XP level 1. HP: 15/15 MP: 2/2
   245 | D:1      | Reached XP level 2. HP: 7/21 MP: 3/3
   430 | D:1      | Found Anaffoof's Assorted Antiques.
   553 | D:1      | Reached XP level 3. HP: 10/27 MP: 4/4
   565 | D:1      | Reached skill level 4 in Hexes
   715 | D:1      | Learned a level 3 spell: Tukima's Dance
  1278 | D:2      | Identified the +7 spear of Mywane {pain, rF+}
  1296 | D:2      | Reached XP level 4. HP: 33/33 MP: 6/6
  1677 | D:2      | Reached skill level 1 in Armour
  2166 | D:1      | Bought a distressingly furry leather armour for 147 gold
                  | pieces
  2166 | D:1      | Identified the +1 leather armour of Kindness {-Cast rN++
                  | Slay+3} (You bought it in a shop on level 1 of the Dungeon)
  2259 | D:3      | Reached XP level 5. HP: 35/39 MP: 7/7
  2613 | D:3      | Found an ornate altar of the Wu Jian Council.
  2925 | D:4      | Reached XP level 6. HP: 46/46 MP: 9/9
  3048 | D:4      | Noticed an ogre
  3070 | D:4      | Killed an ogre
  3071 | D:4      | Reached skill level 1 in Fire Magic
  3493 | D:4      | Reached XP level 7. HP: 52/52 MP: 11/11
  3555 | D:4      | Learned a level 3 spell: Inner Flame
  3560 | D:4      | Learned a level 4 spell: Cause Fear
  3919 | D:5      | Entered Level 5 of the Dungeon
  3927 | D:5      | Reached skill level 5 in Hexes
  4084 | D:5      | Found the +7 staff of the Meek {protect, meekguard}
  4100 | D:5      | Reached XP level 8. HP: 51/58 MP: 13/13
  4110 | D:5      | Found a burning altar of Makhleb.
  4211 | D:5      | Found a shimmering blue altar of Sif Muna.
  4223 | D:5      | Reached skill level 1 in Translocations
  4249 | D:5      | Found an opulent altar of Gozag.
  4296 | D:5      | Reached skill level 5 in Ranged Weapons
  4330 | D:5      | Reached skill level 6 in Hexes
  4621 | D:5      | Learned a level 3 spell: Portal Projectile
  4682 | D:5      | Found Reub's Distillery.
  4690 | D:5      | Bought a potion of curing for 33 gold pieces
  4723 | D:5      | Found an ancient bone altar of Kikubaaqudgha.
  4979 | D:6      | Found a staircase to the Ecumenical Temple.
  4988 | Temple   | Entered the Ecumenical Temple
  5414 | D:6      | Found Humaffuy's Book Shoppe.
  5451 | D:6      | Noticed Sigmund
  5460 | D:6      | Killed Sigmund
  5461 | D:6      | Reached skill level 5 in Spellcasting
  5461 | D:6      | Reached XP level 9. HP: 48/66 MP: 4/16
  5790 | D:7      | Found a white marble altar of Elyvilon.
  5833 | D:7      | Found an iron altar of Okawaru.
  5833 | D:7      | Found a hazy altar of Hepliaklqana.
  5834 | D:7      | Found a bloodstained altar of Trog.
  5966 | D:7      | Reached skill level 1 in Shields
  5966 | D:7      | Reached skill level 7 in Hexes
  6092 | D:7      | Found a basalt altar of Yredelemnul.
  6438 | D:7      | Reached skill level 5 in Fighting
  6447 | D:7      | Noticed a cyclops
  6785 | D:7      | Reached skill level 8 in Hexes
  6876 | D:7      | Killed a cyclops
  6877 | D:7      | Reached XP level 10. HP: 74/74 MP: 9/18
  7259 | D:7      | Found a runed translucent door.
  7260 | D:7      | Noticed Crazy Yiuf
  7293 | D:7      | Killed Crazy Yiuf
  7547 | D:8      | Found a flagged portal.
  7564 | D:8      | Noticed Maggie
  7573 | D:8      | Killed Maggie
  7574 | D:8      | Reached skill level 9 in Hexes
  7689 | D:8      | Learned a level 4 spell: Fulminant Prism
  7690 | Bailey   | Entered a bailey
  7905 | Bailey   | Reached skill level 5 in Shields
  8031 | Bailey   | Noticed a gargoyle
  8032 | Bailey   | Identified the +6 plate armour "Ehats" {Regen+ rCorr Str-5
                  | Dex-5}
  8046 | Bailey   | Killed a gargoyle
  8286 | Bailey   | Slain by a vampire

Illustrated notes

Levels and vault maps discovered:
D:1:      evilmike_arrival_plus, layout_basic, serial_shops, shop,
          chequers_serial_rivers_micro_d
D:2:      layout_loops_ring
D:3:      layout_loops_ring, nzn_wu_jian_contemplation
D:4:      layout_gridville
D:5:      layout_rooms, overflow_temple_1_default, mainiacjoe_overflow_brackets,
          amcnicky_altar_gilded, mainiacjoe_overflow_small_starburst,
          serial_shops, nicolae_shop_tiny_real_fake_doors
D:6:      layout_cave_pools, minmay_temple_entry_junction_2, serial_shops,
          kennysheep_mini, uniq_sigmund
D:7:      minmay_opposing_rooms, layout_rooms, kennysheep_mini_moat,
          lemuel_round_altar, chequers_temple_overflow_statue_of_worship,
          uniq_crazy_yiuf_cottage
D:8:      layout_gridville, special_room [special_room_orc], enter_bailey_2,
          minmay_nine_imps, uniq_maggie, uniq_amaemon
Temple:   hellmonk_temple_beads
Bailey:   bailey_polearm_vampire_castle_hellmonk, bailey

Skill      XL: |  1  2  3  4  5  6  7  8  9 10 |
---------------+-------------------------------+-----
Hexes          | 4 5 6 8 9 |  9.7
Fighting       | 2 3 4 5 6 |  6.3
Ranged Weapons | 3 4 5 7 8 |  8.2
Armour         | 1 2 |  2.1
Spellcasting   | 2 3 5 6 |  6.4
Fire Magic     | 1 2 |  2.0
Translocations | 2 |  2.0
Shields        | 3 5 |  5.0
Dodging        | |  1.7

Action                     |  1- 3 |  4- 6 |  7- 9 | 10-12 || total
---------------------------+-------+-------+-------+-------++-------
  Melee: Unarmed           |    28 |       |       |       ||    28
         Spear             |       |    96 |   119 |     2 ||   217
         Punch             |       |     1 |     2 |       ||     3
         Quarterstaff      |       |       |    19 |    27 ||    46
   Fire: Sling             |    66 |    26 |    94 |       ||   186
         Shortbow          |       |       |    68 |   102 ||   170
         Orcbow            |       |       |       |    25 ||    25
  Throw: Dart              |       |     5 |     1 |     2 ||     8
   Cast: Slow              |       |       |    19 |    11 ||    30
         Tukima's Dance    |       |       |    12 |     1 ||    13
         Inner Flame       |       |       |    18 |    13 ||    31
         Cause Fear        |       |       |     2 |     4 ||     6
         Portal Projectile |       |       |     1 |     2 ||     3
Ability: Begin Untransform |     1 |       |       |       ||     1
    Use: Potion            |       |       |       |     1 ||     1
   Stab: Sleeping          |       |     1 |       |       ||     1
         Distracted        |       |       |     2 |       ||     2
 Armour: Robe              |     7 |       |       |       ||     7
         Ring mail         |     6 |    15 |       |       ||    21
         Leather armour    |       |    10 |    64 |   105 ||   179
  Dodge: Dodged            |    50 |    62 |   139 |   127 ||   378
  Block: Buckler           |       |       |    21 |    58 ||    79
   Form: Flux              |     1 |       |       |       ||     1

Table legend: (Time is in decaauts)
 A = Elapsed time spent in this place.
 B = Non-inter-level travel time spent in this place.
 C = Inter-level travel time spent in this place.
 D = Time resting spent in this place.
 E = Time spent auto-exploring this place.
 F = Levels seen in this place.
 G = Mean time per level.
                   A        B        C        D        E       F      G
               +--------+--------+--------+--------+--------+-----+--------+
         Total |   8392 |   8039 |    353 |   1371 |   4668 |  10 |  839.2 |
       Dungeon |   7776 |   7423 |    353 |   1102 |   4599 |   8 |  972.0 |
        Temple |      1 |      1 |      0 |      0 |      0 |   1 |    1.0 |
        Bailey |    614 |    614 |      0 |    269 |     69 |   1 |  614.0 |
               +--------+--------+--------+--------+--------+-----+--------+

Top non-repeatable levels by time:
     D:7: 1734 daAuts
     D:5: 1069 daAuts
     D:4: 1059 daAuts
     D:2: 1049 daAuts
     D:1: 1011 daAuts
     D:3: 847 daAuts
     D:6: 817 daAuts
  Bailey: 614 daAuts
     D:8: 186 daAuts
  Temple: 1 daAuts
